 Dungeon Crawl Stone Soup version bcrawl-1.17.3 (webtiles) character file.

Game seed: 15535751288720072643

28 Gumption the Grasshopper (level 3, -1/33 HPs)
             Began as a Naga Warper on Oct 24, 2019.
             Slain by a leopard gecko (4 damage)
             ... on level 2 of the Dungeon.
             The game lasted 00:19:49 (882 turns).

Gumption the Grasshopper (Naga Warper)               Turns: 882, Time: 00:19:49

Health: -1/33      AC:  2    Str: 13    XL:     3   Next: 14%
Magic:  0/5        EV: 10    Int: 14    God:
Gold:   31         SH:  0    Dex: 10    Spells: 1/4 levels left

rFire    . . .     SeeInvis +   a - +0 hunting sling
rCold    . . .     Gourm    .   (no shield)
rNeg     . . .     Faith    .   c - +0 robe
rPois    +         Spirit   .   (no helmet)
rElec    .         Reflect  .   (no cloak)
rCorr    .         Harm     .   (no gloves)
MR       .....                  (no barding)
Stlth    +.........             (no amulet)
HPRegen  0.11/turn              (no ring)
MPRegen  0.09/turn              (no ring)

@: very slow
A: large, see invisible, deformed body, poison resistance, slowness 2, slow
metabolism 1, spit poison 1, AC +1
a: Spit Poison


You were on level 2 of the Dungeon.
You were not hungry.

You visited 1 branch of the dungeon, and saw 2 of its levels.

You collected 31 gold pieces.

Inventory:

Hand Weapons
 a - a +0 hunting sling (weapon)
 b - a +0 dagger
 k - a +0 spear
Missiles
 f - 338 sling bullets (quivered)
 p - a throwing net {!f}
Armour
 c - a +0 robe (worn)
Scrolls
 d - a scroll of remove curse
 g - a scroll of blinking
 j - a scroll of immolation {unknown}
 l - 2 scrolls of identify
 m - a scroll of fear {unknown}
 o - a scroll of enchant armour {unknown}
Potions
 h - a potion of haste {unknown}
 n - a potion of lignification
Comestibles
 e - 4 rations {!d}
 i - a chunk of flesh


   Skills:
 + Level 2.3 Fighting
 + Level 2.1 Slings
 + Level 1.9 Dodging
 + Level 1.4 Spellcasting
 + Level 3.2 Translocations


You had one spell level left.
You knew the following spells:

 Your Spells              Type           Power        Failure   Level  Hunger
a - Blink Other           Tloc           ##....       7%          1    ##.....
b - Blink                 Tloc           N/A          10%         2    ###....

Your spell library contained the following spells:

 Spells                   Type           Power        Failure   Level  Hunger
 Portal Projectile        Tloc           ##....       21%         3    ####...
 Teleport Other           Tloc           ##......     21%         3    ####...
 Passage of Golubria      Tloc           N/A          88%         5    ######.


Dungeon Overview and Level Annotations

Branches:
Dungeon (2/12)

Altars:

Annotations:
D:2 Terence


Innate Abilities, Weirdness & Mutations

You cannot wear boots.
Your serpentine skin is tough. (AC +1)
You have supernaturally acute eyesight. (SInv)
Armour fits poorly on your strangely shaped body.
Your system is resistant to poisons. (rPois)
You cover ground very slowly.
You have a slow metabolism.
You can spit poison.


Message History

Aim: Terence, wielding a +0 flail and wearing a +0 chain mail (moderately wounded)
You shoot a sling bullet. The sling bullet barely misses Terence.
Terence hits you but does no damage.
Firing (i - inventory. (/) - cycle)
f - 340 sling bullets (quivered)
Press: ? - help, Shift-Dir - straight line, f/p - Terence
Aim: Terence, wielding a +0 flail and wearing a +0 chain mail (moderately wounded)
You shoot a sling bullet. The sling bullet hits Terence!
Terence is almost dead.
The hobgoblin hits you but does no damage.
Terence hits you with a +0 flail!
* * * LOW HITPOINT WARNING * * *
Firing (i - inventory. (/) - cycle)
f - 339 sling bullets (quivered)
Press: ? - help, Shift-Dir - straight line, f/p - Terence
Aim: Terence, wielding a +0 flail and wearing a +0 chain mail (almost dead)
You shoot a sling bullet.
The sling bullet hits Terence but does no damage.
Terence is almost dead.
The hobgoblin misses you. Terence barely misses you.
The leopard gecko bites you.
You die...

.######## ........#
##.##### #####...##.#
#......@g.#.#
#.###..l@###.#########
........## ##.......รท#
..###....###.#######.###
##.##.#.## #.....#
...#...## #.#.#.#
#####.### #...#.# #.
#.###.# #. ###.....# #.
#.....###


You could see Terence, a leopard gecko and a hobgoblin.

Vanquished Creatures
  A worm (D:1)
  A leopard gecko (D:1)
  A ball python (D:1)
  4 bats
  3 goblins (D:1)
  3 hobgoblins (D:1)
  A kobold (D:2)
  A quokka (D:1)
  4 frilled lizards (D:1)
  6 rats (D:1)
25 creatures vanquished.

Notes
Turn   | Place    | Note
-------+----------+-------------------------------------------
     0 | D:1      | Gumption the Naga Warper began the quest for the Orb.
     0 | D:1      | Reached XP level 1. HP: 19/19 MP: 2/2
   189 | D:1      | Reached XP level 2. HP: 26/26 MP: 3/3
   196 | D:1      | Learned a level 2 spell: Blink
   456 | D:1      | Reached XP level 3. HP: 28/32 MP: 5/5
   863 | D:2      | Noticed Terence
   882 | D:2      | Slain by a leopard gecko

Skill      XL: |  1  2 |
---------------+-------+-----
Slings         | 2 |  2.1
Fighting       | |  2.3
Dodging        | |  1.9
Spellcasting   | |  1.4
Translocations | |  3.2

Action                   || total
-------------------------++-------
 Fire: Hunting sling     ||    63
 Cast: Blink Other       ||     4
       Blink             ||     1
  Use: Scroll            ||     3
Armor: Robe              ||     3
Dodge: Dodged            ||     4
